 Dungeon Crawl Stone Soup version 0.30-a0-122-g2a1322497e (webtiles) character file.

Game seed: 12621043540061520923

3201 zishaf the Thaumaturge (level 10, -5/75 HPs)
             Began as a Djinni Venom Mage on Sept 15, 2022.
             Was an Initiate of Makhleb.
             Slain by a two-headed ogre
             ... wielding a +0 giant spiked club
              (23 damage)
             ... on level 9 of the Dungeon.
             The game lasted 00:16:26 (8519 turns).

zishaf the Thaumaturge (Djinni Venom Mage)          Turns: 8519, Time: 00:16:27

Health: -5/75      AC:  4    Str:  6    XL:     10   Next: 17%
Gold:   366        EV: 12    Int: 26    God:    Makhleb [......] SH:  5 Dex: 18

rFire   + + .      SeeInvis .    b - +2 dagger (elec)
rCold   . . .      Faith    .    (no shield)
rNeg    . . .      Spirit   .    a - +0 robe
rPois   ∞          Reflect  +    (no helmet)
rElec   .          Harm     .    k - +1 cloak {rCorr}
rCorr   +          Rampage  .    (no gloves)
Will    +....                    (boots unavailable)
Stlth   ++........               c - amulet of reflection
HPRegen 0.22/turn                m - ring of protection from cold
MPRegen 0.00/turn                t - +6 ring of intelligence

@: flying
A: sickness immunity, fire resistance 2, cold vulnerability 1, float, innate
caster, HP casting, extra vitality 1, agile 1, sense surroundings 1
a: Renounce Religion


You were on level 9 of the Dungeon.
You worshipped Makhleb.
Makhleb was noncommittal.
You visited 2 branches of the dungeon, and saw 10 of its levels.

You collected 1218 gold pieces.
You spent 852 gold pieces at shops.

Inventory:

Hand Weapons
 b - a +2 dagger of electrocution (weapon)
Armour
 a - a +0 robe (worn)
 k - a +1 cloak of preservation (worn)
Jewellery
 c - an amulet of reflection (around neck)
 d - a ring of protection from cold
 m - a ring of protection from cold (left hand)
 p - a ring of wizardry
 q - a ring of willpower
 t - a +6 ring of intelligence (right hand)
 x - an amulet of regeneration
Wands
 o - a wand of light (6)
 u - a wand of polymorph (9)
 y - a wand of paralysis (3)
Scrolls
 h - 4 scrolls of identify
 n - 4 scrolls of blinking
 r - a scroll of poison
 v - a scroll of brand weapon
Potions
 e - a potion of resistance
 f - 4 potions of curing
 g - a potion of heal wounds
 i - 3 potions of mutation
 j - a potion of ambrosia
 l - 2 potions of brilliance
 s - a potion of lignification
 w - 2 potions of invisibility


   Skills:
 + Level 7.1 Fighting
 - Level 2.1 Dodging
 - Level 1.5 Stealth
 * Level 8.3 Spellcasting
 + Level 3.2 Invocations
 - Level 4.0 Evocations


You had 6 spell levels left.
You knew the following spells:

 Your Spells              Type           Power      Damage    Failure   Level
a - Sting                 Tmut/Pois      100%       1d8       1%          1
b - Poisonous Vapours     Pois/Air       100%       N/A       1%          2
c - Searing Ray           Conj           100%       2d8       1%          2
d - Magic Dart            Conj           100%       1d8       1%          1
e - Teleport Other        Tloc           52%        N/A       1%          3
z - Mephitic Cloud        Conj/Pois/Air  52%        N/A       1%          3
A - Olgreb's Toxic Radia  Pois           52%        N/A       1%          4
B - Kindle Blastsparks    Fire/Tloc/Air  100%       2d18      1%          3
Your spell library was empty.

Dungeon Overview and Level Annotations

Branches:
Dungeon (9/15)             Temple (1/1) D:7
   Lair: D:8-11         Orc: D:9-12

Altars:
Fedhas
Makhleb
Nemelex Xobeh
Okawaru
Qazlal
Trog
Uskayaw
Wu Jian

Shops:
D:3 =:?:


Innate Abilities, Weirdness & Mutations

You are immune to sickness and miasma.
You are immune to poison.
Your flesh is very heat resistant. (rF++)
You are vulnerable to cold. (rC-)
You float through the air rather than walking.
You learn spells naturally, not from books.
Your magical power is your life essence.
You have superior vitality. (+4 MHP)
You are agile. (Dex +4, Str/Int -1)
You passively map a small area around you.


Message History

Unknown command.
The searing ray misses the wight.
You finish channelling your searing ray.
The wight barely misses you.
Unknown command.
Casting: Searing Ray (safe; 1% risk of failure)
Confirm with . or Enter, or press ? or * to list all spells.
Aiming: Searing Ray (safe; 1% risk of failure)
Press: ? - help, Shift-Dir - straight line, f/p - wight
Aim: a wight, wielding a +0 spear and wearing a +0 robe (lightly damaged, 83% to hit)
The searing ray hits the wight!
The wight is heavily damaged. (Press . to maintain the ray.)
The wight hits you from afar with a +0 spear.
* * * LOW HITPOINT WARNING * * *
A two-headed ogre comes into view.
It is wielding a +0 giant spiked club and a +0 giant club.
The searing ray hits the wight but does no damage.
The wight is heavily damaged.
* * * LOW HITPOINT WARNING * * *
You block the wight's attack.
The searing ray hits the wight!
You destroy the wight!
Makhleb accepts your kill.
The searing ray misses the two-headed ogre.
* * * LOW HITPOINT WARNING * * *
Casting: Searing Ray (safe; 1% risk of failure)
Confirm with . or Enter, or press ? or * to list all spells.
Aiming: Mephitic Cloud (safe; 1% risk of failure)
Press: ? - help, Shift-Dir - straight line, f - two-headed ogre
Aim: a two-headed ogre, wielding a +0 giant spiked club and a +0 giant club (chance to affect: 53%)
The ball explodes into a vile cloud!
The stinking cloud engulfs the two-headed ogre but does no damage.
* * * LOW HITPOINT WARNING * * *
You hear an angry hiss.
You hear a bellow!
The two-headed ogre is engulfed in noxious fumes.
The two-headed ogre is engulfed in noxious fumes.
The two-headed ogre attacks as you move away!
The two-headed ogre misses you.
The two-headed ogre hits you with a +0 giant club!!
You die...

,, * ######### ....
, * *##.......^
..... , ,,
,......... .....,
##.......,
.....##########....#
*
............†.)...#
............###...#
............# #.#O#
............# #.@.#
♣....†......# #..##
♣...........#*#..#
.).<<........##..#
....########....##
.... .... .... ,
.#.. .... , ..# ....


You could see a two-headed ogre.

Vanquished Creatures
  Sigmund (D:2)
  A wyvern (D:9)
  A yak (D:9)
  A steam dragon (D:7)
  Menkaure (D:4)
  5 water moccasins
  An orc warrior (D:7)
  An ice beast (D:7)
  3 black bears
  2 sky beasts (D:6)
  2 centaurs
  An ogre (D:6)
  A necrophage (D:8)
  2 scorpions
  A wight (D:9)
  4 howler monkeys
  A hound (D:7)
  3 orc priests
  A gnoll bouda (D:5)
  A jelly (D:6)
  Crazy Yiuf (D:2)
  Jessica (D:2)
  4 iguanas
  6 orc wizards (D:8)
  4 gnolls (D:5)
  8 adders
  A white imp (D:6)
  An ufetubus (D:6)
  A worm (D:2)
  4 dart slugs
  17 orcs
  3 bats
  3 endoplasms
  2 giant cockroaches (D:2)
  7 hobgoblins
  4 kobolds
  5 quokkas
  6 ball pythons
  3 frilled lizards
  9 goblins
  4 rats
128 creatures vanquished.

Vanquished Creatures (others)
  2 fungi (D:9)
  6 plants (D:9)
8 creatures vanquished.

Grand Total: 136 creatures vanquished

Notes
Turn   | Place    | Note
-------+----------+-------------------------------------------
     0 | D:1      | zishaf the Djinni Venom Mage began the quest for the Orb.
     0 | D:1      | zishaf set off with the following spells memorised: Sting,
                  | Poisonous Vapours, Mephitic Cloud, Olgreb's Toxic Radiance.
     0 | D:1      | Reached XP level 1. HP: 15/15 MP: 0/0
   370 | D:1      | Reached XP level 2. HP: 18/22 MP: 0/0
   529 | D:1      | Reached skill level 1 in Fighting
   797 | D:1      | Reached XP level 3. HP: 23/27 MP: 0/0
   797 | D:1      | Learned a level 1 spell: Magic Dart
   878 | D:1      | Reached skill level 3 in Spellcasting
  1574 | D:2      | Noticed Jessica
  1582 | D:2      | Killed Jessica
  1583 | D:2      | Reached XP level 4. HP: 25/33 MP: 0/0
  1685 | D:2      | Noticed Sigmund
  1703 | D:2      | Killed Sigmund
  1704 | D:2      | Reached skill level 4 in Spellcasting
  1704 | D:2      | Reached XP level 5. HP: 14/40 MP: 0/0
  1704 | D:2      | Learned a level 2 spell: Searing Ray
  1704 | D:2      | Reached XP level 6. HP: 17/46 MP: 0/0
  2573 | D:2      | Found a runed translucent door.
  2574 | D:2      | Noticed Crazy Yiuf
  2753 | D:2      | Killed Crazy Yiuf
  2932 | D:3      | Found Ytyrhaum's Book Shoppe.
  2976 | D:3      | Found an iron altar of Okawaru.
  3158 | D:3      | Found Yseth's Book Boutique.
  3298 | D:3      | Found Otathroca's Jewellery Boutique.
  3425 | D:3      | Found Kiymol's Magic Scroll Boutique.
  3433 | D:3      | Bought a scroll of blinking for 82 gold pieces
  3845 | D:4      | Reached XP level 7. HP: 44/50 MP: 0/0
  3845 | D:4      | Learned a level 3 spell: Teleport Other
  4070 | D:4      | Noticed Menkaure
  4076 | D:4      | Killed Menkaure
  4077 | D:4      | Reached skill level 5 in Spellcasting
  4255 | D:4      | Identified a scroll of acquirement
  4255 | D:4      | Acquired 820 gold pieces
  4318 | D:3      | Bought an amulet of reflection for 420 gold pieces
  4318 | D:3      | Bought a ring of protection from cold for 350 gold pieces
  4701 | D:5      | Entered Level 5 of the Dungeon
  4826 | D:5      | Reached XP level 8. HP: 48/58 MP: 0/0
  4949 | D:5      | Reached skill level 1 in Evocations
  5329 | D:5      | Reached skill level 6 in Spellcasting
  5583 | D:6      | Reached skill level 5 in Fighting
  6039 | D:6      | Reached XP level 9. HP: 44/65 MP: 0/0
  6039 | D:6      | Learned a level 3 spell: Kindle Blastsparks
  6256 | D:6      | Found a blossoming altar of Fedhas.
  6349 | D:6      | Found an ornate altar of the Wu Jian Council.
  6669 | D:7      | Reached skill level 7 in Spellcasting
  6920 | D:7      | Found a staircase to the Ecumenical Temple.
  7110 | Temple   | Entered the Ecumenical Temple
  7124 | Temple   | Became a worshipper of Makhleb the Destroyer
  7350 | D:7      | Reached skill level 1 in Invocations
  7416 | D:7      | Gained mutation: You are agile. (Dex +4, Str/Int -1)
                  | [potion of mutation]
  7416 | D:7      | Gained mutation: You passively map a small area around you.
                  | [potion of mutation]
  7752 | D:8      | Identified the +5 quarterstaff of Contradiction {vorpal,
                  | rF+ rC- Int+2}
  8505 | D:9      | Reached skill level 8 in Spellcasting
  8505 | D:9      | Reached XP level 10. HP: 14/73 MP: 0/0
  8506 | D:9      | HP: 3/73 [shot self (9)]
  8512 | D:9      | Noticed a two-headed ogre
  8519 | D:9      | Slain by a two-headed ogre

Illustrated notes

Levels and vault maps discovered:
D:1:      lightli_arrival_noodles, layout_basic, minmay_tiny_reverse_x
D:2:      layout_basic, serial_curves, eino_curves_03, eino_curves_04,
          uniq_jessica, uniq_sigmund, uniq_crazy_yiuf_cottage
D:3:      layout_rooms, okawaru_gym_becter, serial_shops, shop, shop_fountains,
          shop, nicolae_shop_temple_entry_statues_fountains,
          minmay_misc_feat_chi
D:4:      layout_basic, uniq_menkaure
D:5:      layout_loops_ring
D:6:      layout_rooms, fedhas_altar_4, pdpol_wu_jian_five_deadly_venoms
D:7:      layout_rooms, temple_pool_b
D:8:      layout_rooms
D:9:      layout_rooms, vehumet_altar_wand_db, minmay_lair_entry_grove,
          enter_bailey_5, grunt_ministairs_8
Temple:   nicolae_temple_great_sept

Skill      XL: |  1  2  3  4  5  6  7  8  9 10 |
---------------+-------------------------------+-----
Fighting       | 1 3 4 5 6 7 |  7.1
Spellcasting   | 3 4 5 6 8 |  8.3
Evocations     | 3 4 |  4.0
Invocations    | 2 3 |  3.2
Dodging        | |  2.1
Stealth        | |  1.5

Action                   |  1- 3 |  4- 6 |  7- 9 | 10-12 || total
-------------------------+-------+-------+-------+-------++-------
Melee: Dagger            |    11 |    17 |    58 |       ||    86
       Unarmed           |     1 |       |       |       ||     1
 Cast: Sting             |    34 |    41 |    17 |       ||    92
       Poisonous Vapours |     6 |    45 |    51 |       ||   102
       Magic Dart        |     2 |       |    10 |       ||    12
       Mephitic Cloud    |       |     3 |    10 |     1 ||    14
       Searing Ray       |       |     1 |     6 |     2 ||     9
       Olgreb's Toxic Ra |       |     1 |    11 |       ||    12
       Kindle Blastspark |       |       |     4 |     1 ||     5
  Use: Scroll            |       |     9 |     6 |       ||    15
       Potion            |       |       |     1 |     1 ||     2
 Stab: Sleeping          |       |       |     1 |       ||     1
Armor: Robe              |     3 |    10 |    18 |     2 ||    33
Dodge: Dodged            |    17 |    27 |    50 |     3 ||    97
Block: Other             |       |       |    21 |     2 ||    23
       Reflection        |       |       |     3 |       ||     3

Table legend: (Time is in decaauts)
 A = Elapsed time spent in this place.
 B = Non-inter-level travel time spent in this place.
 C = Inter-level travel time spent in this place.
 D = Time resting spent in this place.
 E = Time spent auto-exploring this place.
 F = Levels seen in this place.
 G = Mean time per level.
                   A        B        C        D        E       F      G
               +--------+--------+--------+--------+--------+-----+--------+
         Total |   8516 |   8241 |    275 |    963 |   6212 |  10 |  851.6 |
       Dungeon |   8490 |   8215 |    275 |    963 |   6202 |   9 |  943.3 |
        Temple |     25 |     25 |      0 |      0 |     10 |   1 |   25.0 |
               +--------+--------+--------+--------+--------+-----+--------+

Top non-repeatable levels by time:
     D:1: 1517 daAuts
     D:2: 1411 daAuts
     D:7: 1268 daAuts
     D:4: 1051 daAuts
     D:6: 902 daAuts
     D:5: 821 daAuts
     D:8: 755 daAuts
     D:3: 731 daAuts
     D:9: 29 daAuts
  Temple: 25 daAuts
